 Dungeon Crawl Stone Soup version 0.23-a0-33-g1e3a2e4 (webtiles) character file.

22 riellis the Charmwright (level 2, -4/17 HPs)
             Began as a Deep Elf Skald on Aug 4, 2018.
             Killed from afar by an orc wizard (11 damage)
             ... with a puff of flame
             ... on level 2 of the Dungeon.
             The game lasted 00:01:32 (1316 turns).

riellis the Charmwright (Deep Elf Skald)            Turns: 1316, Time: 00:01:33

Health: -4/17      AC:  3    Str:  8    XL:     2   Next: 68%
Magic:  5/8        EV: 12    Int: 17    God:
Gold:   64         SH:  0    Dex: 14    Spells: 6/7 levels left

rFire    . . .     SeeInvis .   a - +0 falchion
rCold    . . .     Gourm    .   (no shield)
rNeg     . . .     Faith    .   b - +0 leather armour
rPois    .         Spirit   .   (no helmet)
rElec    .         Reflect  .   (no cloak)
rCorr    .         Harm     .   (no gloves)
MR       .....                  (no boots)
Stlth    +.........             (no amulet)
HPRegen  0.05/turn              (no ring)
MPRegen  0.11/turn              (no ring)

@: infused
A: no striking features
a: no special abilities


You were on level 2 of the Dungeon.
You were not hungry.

You visited 1 branch of the dungeon, and saw 2 of its levels.

You collected 64 gold pieces.

Inventory:

Hand Weapons
 a - a +0 falchion (weapon)
Armour
 b - a +0 leather armour (worn)
 e - a +0 chain mail
Scrolls
 c - 2 scrolls of remove curse {unknown}
 g - a scroll of fog {unknown}
 h - a scroll of fear {unknown}
 i - a scroll of amnesia {unknown}
Potions
 j - a potion of lignification {unknown}
Comestibles
 d - 2 rations
 f - a chunk of flesh


   Skills:
 - Level 1.7 Fighting
 + Level 2.3 Long Blades
 - Level 1.0 Armour
 - Level 2.7 Dodging
 - Level 3.2 Spellcasting
 - Level 4.5 Charms


You had 6 spell levels left.
You knew the following spells:

 Your Spells              Type           Power        Failure   Level  Hunger
a - Infusion              Chrm           ###.         3%          1    None

Your spell library contained the following spells:

 Spells                   Type           Power        Failure   Level  Hunger
 Regeneration             Chrm/Necr      ##........   28%         3    ###....
 Shroud of Golubria       Chrm/Tloc      ##........   14%         2    ##.....
 Song of Slaying          Chrm           ###.....     5%          2    ##.....
 Spectral Weapon          Hex/Chrm       ##......     28%         3    ###....


Dungeon Overview and Level Annotations

Branches:
Dungeon (2/15)

Altars:


Message History

The hobgoblin shouts!
The orc wizard barely misses you.
You barely miss the orc wizard.
The orc wizard is lightly wounded.
The goblin hits you with a dagger. The orc wizard hits you with a dagger.
You barely miss the orc wizard.
The orc wizard is lightly wounded.
The goblin closely misses you.
An orc comes into view. It is wielding a flail of crushing.
The orc wizard mumbles some strange words.
The orc wizard flickers and vanishes!
Deactivating autopickup; reactivate with Ctrl-A.
The goblin hits you with a dagger.
You miss something. Something hits you. The goblin barely misses you.
You hit something. Something hits you. The goblin hits you but does no damage.
You hear some strange, mumbled words.
A puff of flame appears from out of thin air!
The puff of flame hits you!
Ouch! That really hurt!
You die...

##..# .
##....
..##....#
......##
#.....##
#.....#
#.g.#
##g## #@#
#{# #o.
####


You could see an orc, a hobgoblin and a goblin.

Vanquished Creatures
  A leopard gecko (D:1)
  2 bats (D:1)
  4 goblins (D:1)
  A hobgoblin (D:1)
  6 frilled lizards (D:1)
  5 kobolds
  4 rats (D:1)
23 creatures vanquished.

Notes
Turn   | Place    | Note
-------+----------+-------------------------------------------
     0 | D:1      | riellis the Deep Elf Skald began the quest for the Orb.
     0 | D:1      | Reached XP level 1. HP: 12/12 MP: 6/6
   293 | D:1      | Reached XP level 2. HP: 17/17 MP: 4/8
   301 | D:1      | Reached skill level 1 in Armour
  1316 | D:2      | Killed from afar by an orc wizard

Vault maps used:
D:1:      lemuel_arrival_hallway, hex_intersection
D:2:      zin_scriptorium, lemuel_round_altar, tgw_trog,
          hangedman_decor_clover_reticule, xom_teletrap_fun

Skill      XL: |  1  2 |
---------------+-------+-----
Armour         | 1 |  1.0
Long Blades    | 2 |  2.3
Fighting       | |  1.7
Dodging        | |  2.7
Spellcasting   | |  3.2
Charms         | |  4.5

Action                   || total
-------------------------++-------
Melee: Falchion          ||    44
 Cast: Infusion          ||     7
  Eat: Chunk             ||     1
Armor: Leather armour    ||    14
Dodge: Dodged            ||    26
       Rpst.: Falchion   ||     8

Table legend:
 A = Spawn XP
 B = Non-spawn XP
 C = Spawn XP percentage of total XP
 D = Spawn monster count
 E = Non-spawn monster count
 F = Spawn count percentage of total count
 G = Total turns spent on level
                    A         B        C        D         E        F      G
               +---------+---------+-------+---------+---------+-------+---------
         Total |       0 |      32 |   0.0 |       0 |      23 |   0.0 |  1316
               +---------+---------+-------+---------+---------+-------+---------
           D:1 |       0 |      31 |   0.0 |       0 |      22 |   0.0 |  1307
           D:2 |       0 |       1 |   0.0 |       0 |       1 |   0.0 |     9
               +---------+---------+-------+---------+---------+-------+---------
